 Dungeon Crawl Stone Soup version 0.28-a0-224-g76b539d98b (webtiles) character file.

Game seed: 1047714802554522759

921 Murumi the Chucker (level 8, -1/78 HPs)
             Began as an Ogre Gladiator on Aug 21, 2021.
             Killed from afar by an electric eel (9 damage)
             ... with a bolt of electricity
             ... on level 5 of the Dungeon.
             The game lasted 00:28:54 (5616 turns).

Murumi the Chucker (Ogre Gladiator)                 Turns: 5616, Time: 00:28:56

Health: -1/78      AC:  6    Str: 25    XL:     8   Next: 10%
Magic:  8/8        EV: 10    Int: 11    God:
Gold:   235        SH:  0    Dex: 10    Spells: 7/7 levels left

rFire   . . .      SeeInvis .   s - +0 whip (elec)
rCold   . . .      Faith    .   (no shield)
rNeg    + . .      Spirit   .   d - +1 troll leather armour {Purgy}
rPois   .          Reflect  .   c - +0 hat
rElec   .          Harm     .   (no cloak)
rCorr   .          Rampage  .   (gloves unavailable)
Will    .....                   (boots unavailable)
Stlth   ++........              (no amulet)
HPRegen 1.23/turn               m - ring of positive energy
MPRegen 0.11/turn               n - +6 ring of strength

@: no status effects
A: large, unfitting armour, tough skin 1
a: no special abilities


You were on level 5 of the Dungeon.
You visited 1 branch of the dungeon, and saw 5 of its levels.
You also visited: Sewer.

You collected 235 gold pieces.

Inventory:

Hand Weapons
 a - a +0 flail
 f - a +1 whip of freezing
 s - a +0 whip of electrocution (weapon)
Missiles
 b - 5 javelins
 e - 139 stones (quivered)
 j - 54 poisoned darts
 r - 5 boomerangs of dispersal
Armour
 c - a +0 hat (worn)
 d - a +1 troll leather armour (worn) {Purgy}
Jewellery
 m - a ring of positive energy (left hand)
 n - a +6 ring of strength (right hand)
Wands
 t - a wand of iceblast (10)
 u - a wand of paralysis (8)
 v - a wand of flame (5)
Scrolls
 h - 5 scrolls of teleportation
 p - a scroll of summoning
 q - a scroll of identify
Potions
 g - 4 potions of curing
 i - 2 potions of attraction
 k - 2 potions of resistance
 l - a potion of lignification
 o - a potion of heal wounds


   Skills:
 - Level 4.0 Fighting
 - Level 5.0 Maces & Flails
 + Level 5.2 Throwing
 - Level 1.0 Armour
 - Level 3.0 Dodging
 - Level 4.0 Stealth


You had 7 spell levels left.
You didn't know any spells.
Your spell library contained the following spells:

 Spells                   Type           Power      Damage    Failure   Level
 Animate Skeleton         Necr           0%         N/A       38%         1
 Foxfire                  Conj/Fire      0%         2x1d4     38%         1
 Pain                     Necr           0%         1d4       38%         1
 Blink                    Tloc           N/A        N/A       52%         2
 Slow                     Hex            0%         N/A       52%         2
 Confusing Touch          Hex            0%         N/A       77%         3
 Conjure Flame            Conj/Fire      0%         6-21      77%         3
 Inner Flame              Hex/Fire       0%         N/A       77%         3
 Vampiric Draining        Necr           0%         2d6       77%         3
 Cause Fear               Hex            0%         N/A       99%         4
 Alistair's Intoxication  Tmut/Pois      0%         N/A       100%        5
 Borgnjor's Vile Clutch   Necr/Erth      0%         N/A       100%        5
 Manifold Assault         Tloc           0%         N/A       100%        5
 Eringya's Noxious Bog    Tmut/Pois      0%         N/A       100%        6
 Dragon Form              Tmut           0%         N/A       100%        7
 Storm Form               Tmut/Air       0%         N/A       100%        7
 Dragon's Call            Summ           0%         N/A       100%        9


Dungeon Overview and Level Annotations

Branches:
Dungeon (5/15)              Sewer (visited)
 Temple: D:4-7

Altars:
Fedhas
Sif Muna

Shops:
D:4 !

Annotations:
D:5 1 transporter


Innate Abilities, Weirdness & Mutations

You are too large for most types of armour.
You have tough skin. (AC +1)


Message History

You hear a splash.
Throw: 143 stones
Press: ? - help, Q - select action, (/) - cycle Shift-Dir - straight line, f/p - electric eel
Aim: an electric eel (heavily wounded, 42% to hit)
You throw a stone. The stone hits the electric eel.
The electric eel is severely wounded.
You hear a splash.
The electric eel shoots out a bolt of lightning at you!
The bolt of electricity hits you!
Throw: 142 stones
Press: ? - help, Q - select action, (/) - cycle Shift-Dir - straight line, f/p - electric eel
Aim: an electric eel (severely wounded, 42% to hit)
You throw a stone.
The stone barely misses the electric eel.
You hear a splash.
The electric eel shoots out a bolt of lightning at you!
The bolt of electricity hits you! x2
Throw: 141 stones
Press: ? - help, Q - select action, (/) - cycle Shift-Dir - straight line, f/p - electric eel
Aim: an electric eel (severely wounded, 42% to hit)
You throw a stone.
The stone barely misses the electric eel.
You hear a splash.
The electric eel shoots out a bolt of lightning at you!
The bolt of electricity misses you. The bolt of electricity hits you!
The electric eel shoots out a bolt of lightning at you!
The bolt of electricity hits you!
* * * LOW HITPOINT WARNING * * *
Throw: 140 stones
Press: ? - help, Q - select action, (/) - cycle Shift-Dir - straight line, f/p - electric eel
Aim: an electric eel (severely wounded, 42% to hit)
You throw a stone.
The stone hits the electric eel but does no damage.
The electric eel is severely wounded.
You hear a splash.
The electric eel shoots out a bolt of lightning at you!
The bolt of electricity hits you!
* * * LOW HITPOINT WARNING * * *
The bolt of electricity hits you!
You die...

#.# #.# #.# ########### #.#
#........[# #################.#
#.......... # #.................#
#.......... # #.###############.#
#..........
###.#8P#≈≈≈≈≈≈;#≈8#.###.........#
.#..#..#.......#@.#..##........##
...©#©$+...♣...'.©#©..##.......#
....#..#.......#..#....#......###
#...#8P#;≈≈≈≈;;#P8#.#.)..........
....###############.#............
.......................##########
#.....................##
##...)................# #
###..#...............## ##


You could see 3 electric eels.

Vanquished Creatures
  Purgy (Sewer)
  An ice beast (D:5)
  A sky beast (D:4)
  A water moccasin skeleton (D:5)
  2 howler monkeys
  A bullfrog zombie (D:5)
  A jelly (D:3)
  A hound (D:5)
  A gnoll shaman (D:4)
  An orc priest (D:4)
  A bullfrog skeleton (D:5)
  Terence (D:2)
  An orc wizard (D:4)
  A killer bee zombie (D:5)
  Robin (D:2)
  5 gnolls (D:5)
  10 adders
  2 river rats (D:4)
  2 dart slugs (D:1)
  4 orcs
  9 ball pythons
  6 endoplasms
  5 giant cockroaches
  16 goblins
  10 hobgoblins
  4 jackals (D:1)
  2 quokkas (D:1)
  5 bats
  6 frilled lizards
  10 kobolds
  3 rats
115 creatures vanquished.

Vanquished Creatures (others)
  A plant (D:5)
1 creature vanquished.

Grand Total: 116 creatures vanquished

Notes
Turn   | Place    | Note
-------+----------+-------------------------------------------
     0 | D:1      | Murumi the Ogre Gladiator began the quest for the Orb.
     0 | D:1      | Reached XP level 1. HP: 22/22 MP: 1/1
   156 | D:1      | Reached XP level 2. HP: 31/31 MP: 2/2
   672 | D:1      | Reached XP level 3. HP: 37/37 MP: 3/3
   907 | D:1      | Found a faded altar of an unknown god.
  1468 | D:2      | Found a blossoming altar of Fedhas.
  1830 | D:2      | Noticed Robin
  1857 | D:2      | Reached XP level 4. HP: 25/45 MP: 4/4
  1947 | D:2      | HP: 2/45 [Robin (3)]
  1961 | D:2      | Killed Robin
  2274 | D:2      | Noticed Terence
  2286 | D:2      | Killed Terence
  2287 | D:2      | Reached skill level 1 in Stealth
  2454 | D:3      | Reached XP level 5. HP: 49/53 MP: 5/5
  3445 | D:4      | Found Geosido's Distillery.
  3454 | D:4      | Found a shimmering blue altar of Sif Muna.
  3524 | D:4      | Reached XP level 6. HP: 53/62 MP: 6/6
  3535 | D:4      | Noticed a sky beast
  3546 | D:4      | Killed a sky beast
  3547 | D:4      | Reached skill level 1 in Armour
  3782 | D:4      | Found a glowing drain.
  3786 | Sewer    | Entered a sewer
  4024 | Sewer    | Noticed Purgy
  4037 | Sewer    | Killed Purgy
  4038 | Sewer    | Reached XP level 7. HP: 56/70 MP: 7/7
  4598 | D:5      | Entered Level 5 of the Dungeon
  4610 | D:4      | Reached skill level 5 in Throwing
  4842 | D:5      | Found a transporter.
  4889 | D:5      | Reached XP level 8. HP: 78/78 MP: 8/8
  4958 | D:5      | Reached skill level 5 in Maces & Flails
  4977 | D:5      | Found a transporter.
  5616 | D:5      | Killed from afar by an electric eel

Illustrated notes

Levels and vault maps discovered:
D:1:      ncdulo_halloftheorcs, layout_loops_ring,
          chequers_ecumenical_altar_simple
D:2:      layout_rooms, basic_altar, st_stairs_8, uniq_robin, uniq_terence
D:3:      minmay_octagon_keep, layout_rooms, serial_bayou_pond_e, dk_vineyard_1,
          wad_floor_pattern_untrapped
D:4:      layout_rooms, nicolae_sif_muna_little_library, serial_shops, shop,
          gup_sewer_entry_spiral
D:5:      gammafunk_steamed_eel, layout_cave_pods, minivault_4

Skill      XL: |  1  2  3  4  5  6  7  8 |
---------------+-------------------------+-----
Fighting       | 3 4 |  4.0
Maces & Flails | 3 4 5 |  5.0
Dodging        | 3 |  3.0
Throwing       | 3 4 5 |  5.2
Stealth        | 1 3 4 |  4.0
Armour         | 1 |  1.0

Action                   |  1- 3 |  4- 6 |  7- 9 || total
-------------------------+-------+-------+-------++-------
Melee: Flail             |     8 |       |       ||     8
       Whip              |   130 |   183 |    74 ||   387
Throw: Stone             |    75 |    44 |    62 ||   181
       Dart              |       |    12 |     5 ||    17
       Throwing net      |       |     4 |       ||     4
       Javelin           |       |       |     1 ||     1
  Use: Scroll            |     2 |     5 |     3 ||    10
       Potion            |       |     2 |       ||     2
 Stab: Sleeping          |     1 |     4 |     2 ||     7
       Held in net/web   |       |     3 |       ||     3
Armor: Robe              |    36 |    41 |       ||    77
       Troll leather arm |       |       |    21 ||    21
Dodge: Dodged            |    78 |    65 |    26 ||   169

Table legend: (Time is in decaauts)
 A = Elapsed time spent in this place.
 B = Non-inter-level travel time spent in this place.
 C = Inter-level travel time spent in this place.
 D = Time resting spent in this place.
 E = Time spent auto-exploring this place.
 F = Levels seen in this place.
 G = Mean time per level.
                   A        B        C        D        E       F      G
               +--------+--------+--------+--------+--------+-----+--------+
         Total |   5614 |   5401 |    213 |    351 |   3796 |   6 |  935.7 |
       Dungeon |   5192 |   4979 |    213 |    224 |   3636 |   5 | 1038.4 |
         Sewer |    421 |    421 |      0 |    127 |    160 |   1 |  421.0 |
               +--------+--------+--------+--------+--------+-----+--------+

Top non-repeatable levels by time:
     D:1: 1398 daAuts
     D:2: 1036 daAuts
     D:3: 991 daAuts
     D:5: 958 daAuts
     D:4: 807 daAuts
   Sewer: 421 daAuts
